 Dungeon Crawl Stone Soup version 0.31-a0-43-g46d131a48f (webtiles) character file.

Game seed: 4669393757520619153

424 senseless the Insei (level 6, -9/42 HPs)
             Began as an Octopode Transmuter on May 19, 2023.
             Killed by divine providence
             ... invoked by an orc priest
              (11 damage)
             ... on level 4 of the Dungeon.
             The game lasted 00:08:40 (3205 turns).

senseless the Insei (Octopode Transmuter)           Turns: 3205, Time: 00:08:40

Health: -9/42      AC:  1    Str: 10    XL:     6   Next: 96%
Magic:  9/11       EV: 14    Int: 15    God:
Gold:   48         SH:  0    Dex: 14    Spells: 4/11 levels left

rFire   . . .        p - +4 whip of Mounob {heavy, Will+}
rCold   . . .        (no shield)
rNeg    + . .        (helmet restricted)
rPois   .            (no amulet)
rElec   .            g - ring of positive energy
rCorr   .            (no ring)
SInv    .            (no ring)
Will    +....        (no ring)
Stlth   ++           (no ring)
HPRegen 0.27/turn    (no ring)
MPRegen 0.12/turn    (no ring)
                     (no ring)

%: no passive effects
@: wereblooded (expiring)
A: almost no armour, amphibious, 8 rings, camouflage 1, gelatinous body 1,
(nimble swimmer 1), tentacles
a: no special abilities


You were on level 4 of the Dungeon.
You visited 1 branch of the dungeon, and saw 4 of its levels.

You collected 48 gold pieces.

Inventory:

Hand Weapons
 b - a +0 hand axe
 o - a +0 whip of venom
 p - the +4 whip of Mounob (weapon) {heavy, Will+}
   (You found it on level 2 of the Dungeon)

   Will:      It increases your willpower.
Missiles
 n - 3 curare-tipped darts
Armour
 f - a +0 buckler
Jewellery
 g - a ring of positive energy (left tentacle)
Scrolls
 c - a scroll of vulnerability {unknown}
 d - a scroll of enchant weapon {unknown}
 h - 3 scrolls of teleportation {unknown}
 j - a scroll of magic mapping {unknown}
 l - a scroll of immolation {unknown}
Potions
 a - a potion of lignification
 e - 3 potions of curing
 i - a potion of might {unknown}
 k - 2 potions of heal wounds {unknown}
 m - 2 potions of haste {unknown}


   Skills:
 + Level 3.0 Fighting
 + Level 3.5 Dodging
 + Level 4.2 Unarmed Combat
 + Level 3.3 Spellcasting
 + Level 3.6 Transmutations
 + Level 0.4 Ice Magic


You had 4 spell levels left.
You knew the following spells:

 Your Spells              Type           Power      Damage    Failure   Level
a - Beastly Appendage     Tmut           26%        N/A       4%          1
b - Wereblood             Tmut           13%        N/A       6%          2
c - Ice Form              Ice/Tmut       8%         N/A       63%         4

Your spell library contained the following spells:

 Spells                   Type           Power      Damage    Failure   Level
 Apportation              Tloc           4%         N/A       19%         1
 Necrotise                Necr           8%         1d4       19%         1
 Summon Small Mammal      Summ           8%         N/A       19%         1
 Spider Form              Tmut/Pois      8%         N/A       26%         3
 Scorch                   Fire           4%         2d5       28%         2
 Flame Wave               Conj/Fire      2%         2d4       88%         4
 Summon Cactus Giant      Summ           1%         N/A       100%        6


Dungeon Overview and Level Annotations

Branches:
Dungeon (4/15)
 Temple: D:4-7

Altars:
Dithmenos
Elyvilon
Kikubaaqudgha

Shops:
D:1 ?


Innate Abilities, Weirdness & Mutations

You cannot wear most types of armour.
You are amphibious.
You can wear up to eight rings at the same time.
Your skin changes colour to match your surroundings (Stealth+).
Your rubbery body absorbs attacks. (AC +1, EV +1)
((You are camouflaged when in or above water. (Stealth+)))
You have tentacles for arms and can constrict up to eight enemies at once.


Message History

You kill the adder!
You feel sick. The orc closely misses you. The orc completely misses you.
Something hits you.
You barely miss the orc. You grab the orc. You constrict the orc.
You feel sick.
You hear some strange, mumbled words.
You are confused.
The orc hits you with a +0 club. Something completely misses you.
The orc barely misses you.
You hit the orc.
You feel a bit better.
You kill the orc!
You feel sick.
You are no longer poisoned.
Something hits you.
You're too confused to move!
Something hits you. The orc priest barely misses you.
You miss something.
Your tentacle spike misses something.
Something hits you.
* * * LOW HITPOINT WARNING * * *
The orc priest hits you with a +0 dagger.
* * * LOW HITPOINT WARNING * * *
The orc priest invokes the aid of Beogh against you.
Pain shoots through your body!
* * * LOW HITPOINT WARNING * * *
Something closely misses you.
It was a potion of curing.
You feel better. Something hits you but does no damage.
The orc priest calls down the wrath of Beogh upon you.
You resist with some effort.
You barely miss something. Your squeeze misses something.
Your tentacle spike disappears.
Your primal bloodlust is almost over.
You hear some strange, mumbled words.
A puff of flame appears from out of thin air!
The puff of flame hits you.
* * * LOW HITPOINT WARNING * * *
The orc priest miscasts a cantrip.
Something hits you.
* * * LOW HITPOINT WARNING * * *
The orc priest invokes the aid of Beogh against you.
Beogh smites you!
You die...

### #.#
############.#
#<)..........#
############.#######
#@{.....[ #o#...###
#o#...# #.# ..# #.#
..'. #.# ##.. #.# ..
#..


You could see an orc priest and an orc.

Vanquished Creatures
  Sigmund (D:2)
  An orc priest (D:4)
  7 adders
  9 gnolls (D:2)
  2 dart slugs (D:1)
  9 orcs
  8 bats
  4 endoplasms
  A giant cockroach (D:2)
  6 goblins
  6 hobgoblins
  4 jackals (D:3)
  5 quokkas
  5 ball pythons
  6 frilled lizards
  5 kobolds
  4 rats
83 creatures vanquished.

Notes
Turn   | Place    | Note
-------+----------+-------------------------------------------
     0 | D:1      | senseless the Octopode Transmuter began the quest for the
                  | Orb.
     0 | D:1      | Reached XP level 1. HP: 13/13 MP: 3/3
   136 | D:1      | Reached XP level 2. HP: 18/18 MP: 5/5
   388 | D:1      | Reached XP level 3. HP: 11/23 MP: 6/6
   612 | D:1      | Found Vuny's Magic Scroll Boutique.
   688 | D:1      | Learned a level 2 spell: Wereblood
   751 | D:2      | You fall into a shaft and drop 1 floor!
   930 | D:3      | Found an ancient bone altar of Kikubaaqudgha.
   939 | D:3      | Reached XP level 4. HP: 14/29 MP: 5/7
  1239 | D:3      | Found a shadowy altar of Dithmenos.
  1290 | D:3      | Found a white marble altar of Elyvilon.
  2041 | D:2      | Reached XP level 5. HP: 30/34 MP: 7/9
  2638 | D:2      | Noticed Sigmund
  2646 | D:2      | Killed Sigmund
  2647 | D:2      | Reached skill level 4 in Unarmed Combat
  2647 | D:2      | Reached XP level 6. HP: 41/41 MP: 7/10
  2649 | D:2      | Identified the +4 whip of Mounob {heavy, Will+}
  3136 | D:3      | Learned a level 4 spell: Ice Form
  3205 | D:4      | HP: 2/42 [something (3)]
  3205 | D:4      | Killed from afar by an orc priest

Illustrated notes

Levels and vault maps discovered:
D:1:      psy_arrival_dodecagon, layout_basic, serial_shops,
          nicolae_shop_rolled_up, minmay_pentomino_s4
D:2:      minmay_skewed_foursquare, layout_basic, minmay_misc_feat_four_crosses,
          nrook_mini_vaults, uniq_sigmund
D:3:      layout_basic, mainiacjoe_overflow_alcove_4,
          nicolae_overflow_hidden_temple, nicolae_overflow_crystal_walls,
          amcnicky_mini_pool_small
D:4:      layout_basic, fedhas_altar_fruit_tree,
          minmay_temple_entry_glassed_door

Skill      XL: |  1  2  3  4  5  6 |
---------------+-------------------+-----
Fighting       | 2 3 |  3.0
Transmutations | 3 |  3.6
Dodging        | 3 |  3.5
Unarmed Combat | 4 |  4.2
Spellcasting   | 3 |  3.3
Ice Magic      | |  0.4

Action                     |  1- 3 |  4- 6 || total
---------------------------+-------+-------++-------
  Melee: Hand axe          |    59 |    17 ||    76
         Constrict         |    21 |    35 ||    56
         Tentacles         |    10 |    24 ||    34
         Kick              |    16 |    37 ||    53
         Punch             |     1 |     3 ||     4
         Whip              |       |    88 ||    88
   Cast: Beastly Appendage |    20 |    34 ||    54
         Wereblood         |       |     2 ||     2
    Use: Potion            |       |     1 ||     1
   Stab: Sleeping          |     4 |     4 ||     8
 Armour: Skin              |     7 |     8 ||    15
  Dodge: Dodged            |    46 |    79 ||   125

Table legend: (Time is in decaauts)
 A = Elapsed time spent in this place.
 B = Non-inter-level travel time spent in this place.
 C = Inter-level travel time spent in this place.
 D = Time resting spent in this place.
 E = Time spent auto-exploring this place.
 F = Levels seen in this place.
 G = Mean time per level.
                   A        B        C        D        E       F      G
               +--------+--------+--------+--------+--------+-----+--------+
         Total |   3249 |   3177 |     72 |    205 |   2396 |   4 |  812.2 |
       Dungeon |   3249 |   3177 |     72 |    205 |   2396 |   4 |  812.2 |
               +--------+--------+--------+--------+--------+-----+--------+

Top non-repeatable levels by time:
     D:2: 1309 daAuts
     D:3: 1088 daAuts
     D:1: 775 daAuts
     D:4: 77 daAuts
